 Dungeon Crawl Stone Soup version 0.28-a0-479-g5baa6b73be (webtiles) character file.

Game seed: 4064897433678936127

109 devnull the Chopper (level 4, 0/41 HPs)
             Began as a Hill Orc Cinder Acolyte on Sept 18, 2021.
             Was a High Priest of Ignis.
             Killed from afar by Natasha (6 damage)
             ... with a magic dart
             ... on level 1 of the Dungeon.
             The game lasted 00:08:42 (2372 turns).

devnull the Chopper (Hill Orc Cinder Acolyte)       Turns: 2372, Time: 00:08:42

Health: 0/41       AC:  2    Str: 16    XL:     4   Next: 90%
Magic:  5/5        EV: 11    Int: 14    God:    Ignis [*****.]
Gold:   62         SH:  0    Dex:  7    Spells: 5/5 levels left

rFire   + . .      SeeInvis .   g - +1 short sword (protect)
rCold   . . .      Faith    .   (no shield)
rNeg    . . .      Spirit   .   b - +0 robe
rPois   .          Reflect  .   (no helmet)
rElec   .          Harm     .   (no cloak)
rCorr   .          Rampage  .   (no gloves)
Will    .....                   (no boots)
Stlth   +.........              (no amulet)
HPRegen 0.13/turn               (no ring)
MPRegen 0.09/turn               (no ring)

@: no status effects
A: no striking features
a: Renounce Religion, Sea of Fire, Foxfire Swarm, Rising Flame


You were on level 1 of the Dungeon.
You worshipped Ignis.
Ignis was extremely pleased with you.
You visited 1 branch of the dungeon, and saw 2 of its levels.

You collected 62 gold pieces.

Inventory:

Hand Weapons
 a - a -1 hand axe of flaming
 g - a +1 short sword of protection (weapon)
Missiles
 m - a boomerang (quivered)
Armour
 b - a +0 robe (worn)
Scrolls
 h - a scroll of fog {unknown}
 i - a scroll of identify {unknown}
 j - a scroll of torment {unknown}
 k - a scroll of teleportation {unknown}
 l - a scroll of enchant armour {unknown}


   Skills:
 + Level 4.3 Fighting
 + Level 2.4 Short Blades
 + Level 4.6 Axes
 + Level 0.7 Dodging
 + Level 0.5 Stealth
 + Level 1.0 Spellcasting
 + Level 3.7 Fire Magic


You had 5 spell levels left.
You didn't know any spells.
Your spell library contained the following spells:

 Spells                   Type           Power      Damage    Failure   Level
 Scorch                   Fire           22%        2d6       9%          2
 Ensorcelled Hibernation  Hex/Ice        0%         N/A       36%         2
 Tukima's Dance           Hex            0%         N/A       61%         3


Dungeon Overview and Level Annotations

Branches:
Dungeon (2/15)

Altars:

Annotations:
D:1 Natasha
D:2 Jessica


Message History

The adder is lightly wounded.
The adder closely misses you. x2
You aren't carrying any potions.
You hit the adder.
Your weapon exudes an aura of protection.
The adder is heavily wounded.
The adder closely misses you.
You hit the adder.
You kill the adder!
You see here an adder corpse.
Unknown command.
Unknown command.
Unknown command.
There is a stone staircase leading up, spattered with blood here.
You start resting.
Jessica the Apprentice Sorceress comes into view.
She is wielding a +0 club.
Jessica shouts!
You climb upwards.
Level annotation: Natasha Natasha claws you!
* * * LOW HITPOINT WARNING * * *
There is a stone staircase leading down here.
As you read the scroll labelled JINIYJ QEANN, it crumbles to dust.
It is a scroll of amnesia.
You feel forgetful for a moment.
Natasha casts a spell.
Blink to where?
Press: ? - help, Dir - move target
As you read the scroll labelled ZUVEOT CAJUIVEXU, it crumbles to dust.
It was a scroll of blinking.
Natasha stares at you and mumbles some strange words.
The magic dart hits you.
* * * LOW HITPOINT WARNING * * *
Natasha extends her claws.
Natasha casts a spell at you. You resist with some effort.
Natasha mumbles some strange words.
Natasha casts a spell at you. The magic dart hits you.
You die...

#...# ##.#...#.## #.###
##h##.<.##.## #.####
##.##.....##.# ###########....#
##.##..8.>..##. .............#.#
##.##.....))..##
...............###.##.....#.....#
.............###..##.....###.....
#####............##.....##.##....
#....#######@#.....##.#.##...
#....# #...#.....(##.###.##..
#....###.#...#...##.## ##.##.
#....##...####..##.## ##.##
#....##............# #...
#....##...#######.## ##..
#....##..)# #.....# #..
#....##...# #.....# ###
#....##...# #.....#


You could see Natasha.

Vanquished Creatures
  Natasha (D:1)
  4 gnolls (D:1)
  An adder (D:2)
  A worm (D:2)
  3 endoplasms (D:1)
  2 giant cockroaches (D:1)
  4 hobgoblins
  A quokka (D:1)
  5 ball pythons (D:1)
  2 bats (D:1)
  3 frilled lizards
  3 goblins (D:1)
  4 kobolds (D:1)
  5 rats
39 creatures vanquished.

Vanquished Creatures (others)
  28 foxfires (D:1)
28 creatures vanquished.

Grand Total: 67 creatures vanquished

Notes
Turn   | Place    | Note
-------+----------+-------------------------------------------
     0 | D:1      | devnull the Hill Orc Cinder Acolyte began the quest for the
                  | Orb.
     0 | D:1      | Reached XP level 1. HP: 19/19 MP: 2/2
   639 | D:1      | Reached XP level 2. HP: 23/27 MP: 3/3
   758 | D:1      | Found a faded altar of an unknown god.
   848 | D:1      | Reached XP level 3. HP: 33/33 MP: 4/4
  1246 | D:1      | Reached skill level 1 in Short Blades
  1555 | D:1      | Reached XP level 4. HP: 5/40 MP: 5/5
  2144 | D:2      | Noticed Natasha
  2169 | D:1      | Killed Natasha
  2287 | D:1      | Noticed Natasha
  2350 | D:2      | Noticed Jessica
  2372 | D:1      | Killed from afar by Natasha

Illustrated notes

Levels and vault maps discovered:
D:1:      psy_arrival_spokes, layout_basic, serial_forest,
          infiniplex_forest_lined_2, infiniplex_forest_end_2,
          infiniplex_forest_clump_tiny, infiniplex_forest_lined_room_2,
          infiniplex_forest_corner_2, infiniplex_forest_straight_4,
          ebering_ecumenical_altar_mist
D:2:      layout_rooms, basic_altar, uniq_jessica, uniq_natasha

Skill      XL: |  1  2  3  4 |
---------------+-------------+-----
Short Blades   | 1 2 |  2.4
Fighting       | 4 |  4.3
Axes           | |  4.6
Dodging        | |  0.7
Stealth        | |  0.5
Spellcasting   | |  1.0
Fire Magic     | |  3.7

Action                   |  1- 3 |  4- 6 || total
-------------------------+-------+-------++-------
Melee: Hand axe          |    20 |       ||    20
       Short sword       |    77 |    65 ||   142
Throw: Boomerang         |       |     3 ||     3
Invok: Foxfire Swarm     |     2 |       ||     2
  Use: Scroll            |     1 |     2 ||     3
       Potion            |       |     1 ||     1
Armor: Robe              |    34 |    12 ||    46
Dodge: Dodged            |    55 |    39 ||    94

Table legend: (Time is in decaauts)
 A = Elapsed time spent in this place.
 B = Non-inter-level travel time spent in this place.
 C = Inter-level travel time spent in this place.
 D = Time resting spent in this place.
 E = Time spent auto-exploring this place.
 F = Levels seen in this place.
 G = Mean time per level.
                   A        B        C        D        E       F      G
               +--------+--------+--------+--------+--------+-----+--------+
         Total |   2394 |   2341 |     53 |   1288 |    642 |   2 | 1197.0 |
       Dungeon |   2394 |   2341 |     53 |   1288 |    642 |   2 | 1197.0 |
               +--------+--------+--------+--------+--------+-----+--------+

Top non-repeatable levels by time:
     D:1: 2232 daAuts
     D:2: 162 daAuts
